Map: Dédale EC

Players

HoldTheDoor - Winner!

  • Race: Protoss Protoss
  • League: Diamond
  • Spawn Location: 7:00

Nagual

  • Race: Protoss Protoss
  • Spawn Location: 1:00

VOD

Have the link to the VOD?

Description

Time

  • Played on: July 14, 2018, 1:45 p.m.
  • Length: 2:00
Show
View Real Time Build Order
Export as new Build Order

HoldTheDoor Protoss - Winner!

Build Orders:  

Get SALT Encoding   

  12  0:00  Probe  
  13  0:12  Probe  
  14  0:18  Pylon  
  14  0:24  Probe  
  15  0:36  Forge, Probe  
  16  0:44  Probe  
  17  0:53  Probe  
  18  1:00  Pylon  
  18  1:05  Probe  
  19  1:17  Probe  
  20  1:21  Photon Cannon  
  19  1:27  Gateway  
  19  1:30  Probe  
  20  1:34  Assimilator  
  20  1:42  Probe  
  20  1:46  Pylon  
Show
View Real Time Build Order
Export as new Build Order

Nagual Protoss 

Build Orders:  

Get SALT Encoding   

  12  0:02  Probe  
  13  0:14  Probe  
  13  0:19  Pylon  
  14  0:26  Probe  
  15  0:34  Probe  
  15  0:42  Probe, Gateway  
  17  0:53  Probe  
  17  0:55  Pylon  
  18  0:58  Assimilator  
  18  1:05  Probe  
  19  1:17  Probe  
  20  1:29  Probe  
  20  1:31  Gateway  
  21  1:41  Gateway  
  21  1:43  Cybernetics Core  
Tags
 
League
Diamond
Matchup
PvP
Spawn Locations
Cross Positions
Add a new tag
Caveats
  • Supply blocks, unpowered buildings, or Contaminate may cause inaccurate times.
  • Supply counts are checked every 10 seconds.